PBL
COLORADO AVALANCHE @ MADISON BREWERS
09/24/2048
 
TOP OF THE 1ST
Colorado Avalanche batting - Pitching for Madison Brewers : RHP Jayden Whittick
Pitching: RHP Jayden Whittick
Batting: RHB Eric Delgado 0-0: Foul Ball, location: 2F
0-1: Ball
1-1: Called Strike
1-2: Ball
2-2: Foul Ball, location: 2F
2-2: Ball
3-2: Fly out, F7 (Flyball, 7S, EV 95.6 MPH)
Batting: RHB Chris Tatum 0-0: Called Strike
0-1: Ball
1-1: Foul Ball, location: 2F
1-2: Strikes out swinging
Batting: RHB Bryce Hickman 0-0: Called Strike
0-1: Called Strike
0-2: Foul Ball, location: 2F
0-2: Fly out, F8 (Flyball, 8RXD, EV 88.8 MPH)
Top of the 1st over - 0 runs, 0 hits, 0 errors, 0 left on base; Colorado 0 - Madison 0
BOTTOM OF THE 1ST
Madison Brewers batting - Pitching for Colorado Avalanche : RHP Diego Arredondo
Pitching: RHP Diego Arredondo
Batting: LHB Andy Buschlen 0-0: Called Strike
0-1: Called Strike
0-2: Ball
1-2: Ball
2-2: SOLO HOME RUN (Line Drive, 7LD, EV 100.0 MPH), Distance : 396 ft
Batting: LHB Jose Simental 0-0: Called Strike
0-1: Called Strike
0-2: Ball
1-2: Ball
2-2: Ground out 4-3 (Groundball, 4, EV 81.9 MPH)
Batting: LHB Bill Kovac 0-0: Called Strike
0-1: Fly out, F7 (Flyball, 7D, EV 105.0 MPH)
Batting: RHB Jelani Griffin 0-0: Called Strike
0-1: SOLO HOME RUN (Flyball, 7D, EV 107.5 MPH), Distance : 411 ft
Batting: LHB Tony Hasbun 0-0: Fly out, F7 (Flyball, 7D, EV 89.4 MPH)
Bottom of the 1st over - 2 runs, 2 hits, 0 errors, 0 left on base; Colorado 0 - Madison 2
TOP OF THE 2ND
Colorado Avalanche batting - Pitching for Madison Brewers : RHP Jayden Whittick
Batting: SHB Joan Coucieiro 0-0: Ball
1-0: Called Strike
1-1: Foul Ball, location: 2F
1-2: Foul Ball, location: 2F
1-2: Reached on error, E4 (Groundball, 4, EV 81.9 MPH)
Batting: RHB Rade Mamula 0-0: Called Strike
0-1: Ball
1-1: Ball
2-1: Ball
3-1: Swinging Strike
3-2: Foul Ball, location: 2F
3-2: Strikes out looking
Batting: LHB Brian Canny 0-0: Ball
1-0: SINGLE (Flyball, 6MD, EV 91.9 MPH)
Joan Coucieiro to third
Batting: LHB Rich Rauda 0-0: Ball
1-0: Called Strike
1-1: Swinging Strike
1-2: Strikes out swinging
Batting: RHB Luis Mendoza 0-0: Ground out 5-3 (Groundball, 56S, EV 68.8 MPH)
Top of the 2nd over - 0 runs, 1 hit, 1 error, 2 left on base; Colorado 0 - Madison 2
BOTTOM OF THE 2ND
Madison Brewers batting - Pitching for Colorado Avalanche : RHP Diego Arredondo
Batting: RHB Steve Brock 0-0: Called Strike
0-1: Foul Ball, location: 2F
0-2: Ball
1-2: Foul Ball, location: 2F
1-2: SOLO HOME RUN (Flyball, 7D, EV 103.1 MPH), Distance : 404 ft
Batting: RHB Ben Follett 0-0: Called Strike
0-1: Called Strike
0-2: Strikes out looking
Batting: RHB Malcolm McCauley 0-0: SINGLE (Groundball, 56D, EV 102.5 MPH)
Batting: LHB Danny Roberts 0-0: Swinging Strike
0-1: Ball
1-1: Ball
2-1: Called Strike
2-2: Strikes out swinging
Batting: LHB Andy Buschlen 0-0: Ball
1-0: Swinging Strike
1-1: Swinging Strike
1-2: Strikes out looking
Bottom of the 2nd over - 1 run, 2 hits, 0 errors, 1 left on base; Colorado 0 - Madison 3
TOP OF THE 3RD
Colorado Avalanche batting - Pitching for Madison Brewers : RHP Jayden Whittick
Batting: RHB Jack Stadner 0-0: Ball
1-0: Swinging Strike
1-1: Ball
2-1: Called Strike
2-2: Strikes out swinging
Batting: RHB Eric Delgado 0-0: Ball
1-0: Called Strike
1-1: Foul Ball, location: 2F
1-2: Ground out 5-3 (Groundball, 56S, EV 85.6 MPH)
Batting: RHB Chris Tatum 0-0: Called Strike
0-1: Foul Ball, location: 2F
0-2: Ball
1-2: Ground out 5-3 (Groundball, 5, EV 90.6 MPH)
Top of the 3rd over - 0 runs, 0 hits, 0 errors, 0 left on base; Colorado 0 - Madison 3
BOTTOM OF THE 3RD
Madison Brewers batting - Pitching for Colorado Avalanche : RHP Diego Arredondo
Batting: LHB Jose Simental 0-0: Foul Ball, location: 2F
0-1: Foul Ball, location: 2F
0-2: Ball
1-2: Ball
2-2: Foul Ball, location: 2F
2-2: Ball
3-2: SINGLE (Groundball, 4MD, EV 105.0 MPH)
Batting: LHB Bill Kovac 0-0: Ball
1-0: SINGLE (Line Drive, 89S, EV 86.9 MPH)
Jose Simental to second
Runner from 2nd tries for 3rd, OUT! 9-5
Batting: RHB Jelani Griffin 0-0: 2-RUN HOME RUN (Flyball, 78XD, EV 100.6 MPH), Distance : 419 ft
Batting: LHB Tony Hasbun 0-0: Ball
1-0: Fly out, F9 (Flyball, 89M, EV 78.8 MPH)
Batting: RHB Steve Brock 0-0: Foul Ball, location: 2F
0-1: Ball
1-1: Ball
2-1: Called Strike
2-2: SINGLE (Groundball, 6MD, EV 103.1 MPH)
Batting: RHB Ben Follett 0-0: DOUBLE (Line Drive, 78D, EV 107.5 MPH)
Steve Brock to third
Batting: RHB Malcolm McCauley 0-0: Called Strike
0-1: Swinging Strike
0-2: Ball
1-2: Ball
2-2: Strikes out swinging
Bottom of the 3rd over - 2 runs, 5 hits, 0 errors, 2 left on base; Colorado 0 - Madison 5
TOP OF THE 4TH
Colorado Avalanche batting - Pitching for Madison Brewers : RHP Jayden Whittick
Batting: RHB Bryce Hickman 0-0: Ball
1-0: Swinging Strike
1-1: Called Strike
1-2: Strikes out swinging
Batting: SHB Joan Coucieiro 0-0: Swinging Strike
0-1: Ball
1-1: Ball
2-1: Swinging Strike
2-2: Foul Ball, location: 2F
2-2: Ball
3-2: Strikes out swinging
Batting: RHB Rade Mamula 0-0: Called Strike
0-1: Called Strike
0-2: Ground out 4-3 (Groundball, 4, EV 90.6 MPH)
Top of the 4th over - 0 runs, 0 hits, 0 errors, 0 left on base; Colorado 0 - Madison 5
BOTTOM OF THE 4TH
Madison Brewers batting - Pitching for Colorado Avalanche : RHP Diego Arredondo
Batting: LHB Danny Roberts 0-0: Ball
1-0: Called Strike
1-1: Foul Ball, location: 2F
1-2: Ball
2-2: Strikes out looking
Batting: LHB Andy Buschlen 0-0: Ball
1-0: Ball
2-0: Ball
3-0: Called Strike
3-1: Foul Ball, location: 2F
3-2: Base on Balls
Batting: LHB Jose Simental 0-0: Ball
1-0: Ball
2-0: Ball
3-0: Swinging Strike
3-1: Base on Balls
Andy Buschlen to second
Batting: LHB Bill Kovac 0-0: Fly out, F7 (Flyball, 7LS, EV 80.0 MPH)
Batting: RHB Jelani Griffin 0-0: Fly out, F9 (Flyball, 9LM, EV 87.5 MPH)
Bottom of the 4th over - 0 runs, 0 hits, 0 errors, 2 left on base; Colorado 0 - Madison 5
TOP OF THE 5TH
Colorado Avalanche batting - Pitching for Madison Brewers : RHP Jayden Whittick
Batting: LHB Brian Canny 0-0: Ball
1-0: SINGLE (Line Drive, 7S, EV 106.9 MPH)
Batting: LHB Rich Rauda 0-0: Called Strike
0-1: Swinging Strike
0-2: Ball
1-2: Strikes out swinging
Batting: RHB Luis Mendoza 0-0: Ball
1-0: Called Strike
1-1: Ball
2-1: Foul Ball, location: 2F
2-2: Strikes out swinging
Batting: RHB Jack Stadner 0-0: Ball
1-0: Ball
2-0: Ball
3-0: Base on Balls
Brian Canny to second
Pitching: RHP Tristan Smeets
Batting: RHB Eric Delgado 0-0: Ball
1-0: Swinging Strike
1-1: Foul Ball, location: 2F
1-2: Strikes out swinging
Top of the 5th over - 0 runs, 1 hit, 0 errors, 2 left on base; Colorado 0 - Madison 5
BOTTOM OF THE 5TH
Madison Brewers batting - Pitching for Colorado Avalanche : RHP Diego Arredondo
Batting: LHB Tony Hasbun 0-0: Ground out U3 (Groundball, 34, EV 86.2 MPH)
Batting: RHB Steve Brock 0-0: Ball
1-0: Ball
2-0: Called Strike
2-1: Ball
3-1: Swinging Strike
3-2: Base on Balls
Batting: RHB Ben Follett 0-0: Called Strike
0-1: Ball
1-1: Ball
2-1: Ball
3-1: Swinging Strike
3-2: Foul Ball, location: 2F
3-2: Strikes out swinging
Batting: RHB Malcolm McCauley 0-0: Ball
1-0: SINGLE (Groundball, 34, EV 105.0 MPH)
Steve Brock to second
Runner from 2nd tries for 3rd, SAFE, throw by RF made to third
Malcolm McCauley to second
Pitching: RHP Don Carriere
Batting: LHB Danny Roberts 0-0: Ball
1-0: Ball
2-0: Called Strike
2-1: Foul Ball, location: 2F
2-2: Foul Ball, location: 2F
2-2: Foul Ball, location: 2F
2-2: Ball
3-2: Hit by Pitch
Batting: LHB Andy Buschlen 0-0: Ball
1-0: Fly out, F4 (Line Drive, 4M, EV 65.6 MPH)
Bottom of the 5th over - 0 runs, 1 hit, 0 errors, 3 left on base; Colorado 0 - Madison 5
TOP OF THE 6TH
Colorado Avalanche batting - Pitching for Madison Brewers : RHP Tristan Smeets
Batting: RHB Chris Tatum 0-0: Ball
1-0: Called Strike
1-1: Ball
2-1: Foul Ball, location: 2F
2-2: Foul Ball, location: 2F
2-2: Strikes out swinging
Batting: RHB Bryce Hickman 0-0: Ball
1-0: Ball
2-0: Foul Ball, location: 2F
2-1: Swinging Strike
2-2: Ball
3-2: Strikes out swinging
Batting: SHB Joan Coucieiro 0-0: Swinging Strike
0-1: Called Strike
0-2: Ball
1-2: Ball
2-2: Strikes out swinging
Top of the 6th over - 0 runs, 0 hits, 0 errors, 0 left on base; Colorado 0 - Madison 5
BOTTOM OF THE 6TH
Madison Brewers batting - Pitching for Colorado Avalanche : RHP Don Carriere
Batting: LHB Jose Simental 0-0: Ball
1-0: SINGLE (Groundball, 5S, EV 62.5 MPH) (infield hit)
Batting: LHB Bill Kovac 0-0: Called Strike
0-1: Foul Ball, location: 2F
0-2: Ball
1-2: Ball
2-2: SINGLE (Line Drive, 78M, EV 90.6 MPH)
Jose Simental to second
Batting: RHB Jelani Griffin 0-0: Ball
1-0: Fly out, F7 (Flyball, 7D, EV 103.1 MPH)
Runner from 2nd tags up, SAFE at 3rd, no throw by LF
Batting: LHB Tony Hasbun 0-0: Called Strike
Bill Kovac steals 2nd base
0-1: Ball
1-1: Ball
2-1: Fly out, F9 (Flyball, 89S, EV 77.5 MPH)
Batting: RHB Steve Brock 0-0: Foul Ball, location: 2F
0-1: Foul Ball, location: 2F
0-2: Foul Ball, location: 2F
0-2: Strikes out swinging
Bottom of the 6th over - 0 runs, 2 hits, 0 errors, 2 left on base; Colorado 0 - Madison 5
TOP OF THE 7TH
Colorado Avalanche batting - Pitching for Madison Brewers : RHP Tristan Smeets
Batting: RHB Rade Mamula 0-0: Ball
1-0: Foul Ball, location: 2F
1-1: Ball
2-1: Ball
3-1: Called Strike
3-2: Ground out 4-3 (Groundball, 4M, EV 81.2 MPH)
Batting: LHB Brian Canny 0-0: Called Strike
0-1: SINGLE (Groundball, 3D, EV 104.4 MPH)
Batting: LHB Rich Rauda 0-0: Foul Ball, location: 2F
0-1: Foul Ball, location: 2F
0-2: Ball
1-2: Ball
2-2: Foul Ball, location: 2F
2-2: Strikes out swinging
Batting: RHB Luis Mendoza 0-0: Ball
1-0: Fly out, F8 (Flyball, 8RS, EV 94.4 MPH)
Top of the 7th over - 0 runs, 1 hit, 0 errors, 1 left on base; Colorado 0 - Madison 5
BOTTOM OF THE 7TH
Madison Brewers batting - Pitching for Colorado Avalanche : RHP Don Carriere
Batting: RHB Ben Follett 0-0: Called Strike
0-1: Foul Ball, location: 2F
0-2: Foul Ball, location: 2F
0-2: SOLO HOME RUN (Flyball, 89XD, EV 113.1 MPH), Distance : 427 ft
Batting: RHB Malcolm McCauley 0-0: Ball
1-0: Ball
2-0: Called Strike
2-1: Foul Ball, location: 2F
2-2: Ball
3-2: Foul Ball, location: 2F
3-2: Foul Ball, location: 2F
3-2: Base on Balls
Batting: LHB Danny Roberts 0-0: Called Strike
0-1: Ball
1-1: Ball
2-1: Ball
3-1: Foul Ball, location: 2F
3-2: 2-RUN HOME RUN (Flyball, 9D, EV 100.0 MPH), Distance : 387 ft
Pinch Hitting: RHB Daniel Pena 0-0: Ground out 1-3 (Groundball, 13S, EV 75.6 MPH)
Pinch Hitting: RHB Noah Peek 0-0: Called Strike
0-1: Swinging Strike
0-2: Strikes out swinging
Pinch Hitting: RHB Jason Hall 0-0: Swinging Strike
0-1: Swinging Strike
0-2: Strikes out swinging
Bottom of the 7th over - 3 runs, 2 hits, 0 errors, 0 left on base; Colorado 0 - Madison 8
TOP OF THE 8TH
Colorado Avalanche batting - Pitching for Madison Brewers : RHP Tristan Smeets
Now at SS: Noah Peek
Now in LF: Bobby Raya
Now in RF: Daniel Pena
Batting: RHB Jack Stadner 0-0: Ball
1-0: Fly out, F8 (Line Drive, 89M, EV 90.6 MPH)
Batting: RHB Eric Delgado 0-0: Ball
1-0: Ball
2-0: Fly out, F8 (Flyball, 8RD, EV 90.0 MPH)
Batting: RHB Chris Tatum 0-0: Ball
1-0: Ground out 5-3 (Groundball, 56S, EV 83.8 MPH)
Top of the 8th over - 0 runs, 0 hits, 0 errors, 0 left on base; Colorado 0 - Madison 8
BOTTOM OF THE 8TH
Madison Brewers batting - Pitching for Colorado Avalanche : RHP Don Carriere
Batting: RHB Jelani Griffin 0-0: Foul Ball, location: 2F
0-1: Foul Ball, location: 2F
0-2: Ball
1-2: SINGLE (Line Drive, 89S, EV 94.4 MPH)
Batting: LHB Tony Hasbun 0-0: Called Strike
0-1: Swinging Strike
0-2: Grounds into double play, 4-6-3 (Groundball, 4, EV 86.2 MPH)
Batting: RHB Steve Brock 0-0: Ball
1-0: Foul Ball, location: 2F
1-1: Ball
2-1: Ball
3-1: Foul Ball, location: 2F
3-2: Ground out 1-3 (Groundball, P, EV 67.5 MPH)
Bottom of the 8th over - 0 runs, 1 hit, 0 errors, 0 left on base; Colorado 0 - Madison 8
TOP OF THE 9TH
Colorado Avalanche batting - Pitching for Madison Brewers : RHP Tristan Smeets
Batting: RHB Bryce Hickman 0-0: Called Strike
0-1: Ball
1-1: Ball
2-1: Foul Ball, location: 2F
2-2: Foul Ball, location: 2F
2-2: SINGLE (Groundball, 56D, EV 97.5 MPH)
Batting: SHB Joan Coucieiro 0-0: Called Strike
0-1: Foul Ball, location: 2F
0-2: Fielders Choice at 2nd, 3-6 (Groundball, 3S, EV 83.1 MPH)
Batting: RHB Rade Mamula 0-0: Called Strike
0-1: Swinging Strike
0-2: Strikes out swinging
Batting: LHB Brian Canny 0-0: Ball
Wild Pitch!
Joan Coucieiro to second
1-0: Fly out, F9 (Flyball, 89M, EV 84.4 MPH)
Top of the 9th over - 0 runs, 1 hit, 0 errors, 1 left on base; Colorado 0 - Madison 8
Tuesday, March 28th , 2023 - OOTP Baseball 23.10 Build 110